 Dungeon Crawl Stone Soup version 0.27.1-33-g824d729ab1 (webtiles) character file.

Game seed: 15426872855906040946

42 lordive the Skirmisher (level 3, -1/33 HPs)
             Began as a Hill Orc Fighter on Dec 27, 2021.
             Killed by nerve-wracking pain
             ... invoked by Jessica
              (2 damage)
             ... on level 2 of the Dungeon.
             The game lasted 00:01:54 (1109 turns).

lordive the Skirmisher (Hill Orc Fighter)           Turns: 1109, Time: 00:01:55

Health: -1/33      AC:  9    Str: 18    XL:     3   Next: 54%
Magic:  3/3        EV:  5    Int:  9    God:
Gold:   72         SH:  9    Dex: 10    Spells: 2/2 levels left

rFire    . . .     SeeInvis .   a - +0 long sword
rCold    . . .     Faith    .   c - +0 kite shield
rNeg     . . .     Spirit   .   i - +0 chain mail
rPois    .         Reflect  .   (no helmet)
rElec    .         Harm     .   (no cloak)
rCorr    .         Rampage  .   (no gloves)
Will     .....                  (no boots)
Stlth    ..........             (no amulet)
HPRegen  0.11/turn              (no ring)
MPRegen  0.08/turn              (no ring)

@: mighty
A: no striking features
a: no special abilities


You were on level 2 of the Dungeon.
You visited 1 branch of the dungeon, and saw 2 of its levels.

You collected 72 gold pieces.

Inventory:

Hand Weapons
 a - a +0 long sword (weapon)
Armour
 b - a +0 scale mail
 c - a +0 kite shield (worn)
 i - a +0 chain mail (worn)
Scrolls
 f - 2 scrolls of fear {unknown}
 h - a scroll of identify {unknown}
Potions
 e - a potion of ambrosia {unknown}
 g - a potion of curing {unknown}


   Skills:
 + Level 4.1 Fighting
 + Level 2.8 Long Blades
 + Level 3.7 Armour
 + Level 3.7 Shields


You had 2 spell levels left.
You didn't know any spells.
Your spell library contained the following spells:

 Spells                   Type           Power      Damage    Failure   Level
 Corona                   Hex            0%         N/A       100%        1
 Ensorcelled Hibernation  Hex/Ice        0%         N/A       100%        2
 Tukima's Dance           Hex            0%         N/A       100%        3


Dungeon Overview and Level Annotations

Branches:
Dungeon (2/15)

Altars:

Shops:
D:1 (

Annotations:
D:2 Jessica


Message History

Jessica blinks!
The quokka bites you but does no damage.
You block the quokka's attack.
Jessica hits you with a +2 dagger of pain.
* * * LOW HITPOINT WARNING * * *
You writhe in agony.
* * * LOW HITPOINT WARNING * * *
You hit Jessica.
Jessica is heavily wounded.
The quokka bites you but does no damage.
You block Jessica's attack. You block the quokka's attack.
Jessica mumbles something strange.
Jessica hits you but does no damage.
You writhe in agony.
* * * LOW HITPOINT WARNING * * *
You barely miss Jessica.
Jessica is heavily wounded.
Jessica barely misses you.
The quokka twitches its whiskers.
The quokka bites you.
* * * LOW HITPOINT WARNING * * *
Jessica hits you but does no damage.
The quokka bites you but does no damage.
You closely miss Jessica.
Jessica is heavily wounded.
You block Jessica's attack.
The quokka bites you but does no damage.
Jessica hits you but does no damage.
Unknown command.
You feel very mighty all of a sudden.
Jessica casts a spell.
Jessica blinks!
You block the quokka's attack.
You miss the quokka. The quokka closely misses you.
The quokka bites you but does no damage.
You hit the quokka.
You kill the quokka!
The quokka bites you.
* * * LOW HITPOINT WARNING * * *
Jessica casts a spell at you. Pain shoots through your body!
You die...

.. ##### .. #...# .. .. ##
#...# .. ... #. ######...# ..
...###. #........# ## .......
#.......## ####
##.....#########.......#####...
............rr@§@..†...........
#..........K###.......#.......
.###........# #.......#...).##
#........# #.......#.....#
.....######## #.......#.....#
...... #.......#...).# .....
#.......#.....## .....
................ ....
###...#....


You could see Jessica (fast), a quokka, a kobold and a rat.

Vanquished Creatures
  An adder (D:2)
  3 dart slugs
  3 endoplasms (D:1)
  A giant cockroach (D:1)
  3 goblins (D:1)
  A hobgoblin (D:1)
  3 quokkas
  A ball python (D:1)
  5 bats (D:1)
  A frilled lizard (D:1)
  3 kobolds
  3 rats
28 creatures vanquished.

Notes
Turn   | Place    | Note
-------+----------+-------------------------------------------
     0 | D:1      | lordive the Hill Orc Fighter began the quest for the Orb.
     0 | D:1      | Reached XP level 1. HP: 19/19 MP: 1/1
   155 | D:1      | Reached XP level 2. HP: 27/27 MP: 2/2
   355 | D:1      | Found a faded altar of an unknown god.
   392 | D:1      | Found Ulesiv's Weapon Shoppe.
   398 | D:1      | Reached skill level 4 in Fighting
   446 | D:1      | Reached XP level 3. HP: 30/33 MP: 3/3
  1072 | D:2      | Noticed Jessica
  1109 | D:2      | HP: 1/33 [quokka (2)]
  1109 | D:2      | Killed from afar by Jessica

Illustrated notes

Levels and vault maps discovered:
D:1:      eino_arrival_druids_welcome, layout_loops_ring, serial_shops, shop,
          basic_ecumenical_altar, hex_large
D:2:      layout_basic, uniq_robin, uniq_jessica

Skill      XL: |  1  2 |
---------------+-------+-----
Fighting       | 4 |  4.1
Long Blades    | |  2.8
Armour         | |  3.7
Shields        | |  3.7

Action                   || total
-------------------------++-------
Melee: Long sword        ||   107
  Use: Potion            ||     1
Armor: Scale mail        ||    34
       Chain mail        ||    34
Dodge: Dodged            ||    35
Block: Kite shield       ||    69
       Rpst.: Long sword ||     6
